 Dungeon Crawl Stone Soup version 0.31-a0-844-gdc52ec4e09 (webtiles) character file.

Game seed: 16365209589501037717

1662628 Flugkiller the Cryomancer (level 23, 195/195 (199) HPs)
             Began as a Demigod Venom Mage on Sept 28, 2023.
             Escaped with the Orb
             ... and 3 runes!
             The game lasted 02:26:44 (65679 turns).

Flugkiller the Cryomancer (Demigod Venom Mage)     Turns: 65679, Time: 02:26:45

HP:   195/195 (199) AC: 31    Str: 17 (19) XL:     23   Next: 75%
MP:   48/53         EV: 20    Int: 47 (48) God:
Gold: 4422          SH:  9    Dex: 16      Spells: 21/61 levels left

rFire   + + .        b - staff of cold
rCold   + + +        v - +3 buckler {rC+}
rNeg    + . .        J - +7 swamp dragon scales
rPois   +            R - +3 helmet of the Dwarven Hall {Rampage rC+ Will- Slay+3}
rElec   .            y - +3 cloak of the World {Slay+6}
rCorr   +            F - +0 pair of gloves "Paagiamp" {rN+ Int+3}
SInv    .            g - +2 pair of boots
Will    +....        o - amulet of regeneration
Stlth   +            H - ring "Myxt" {Ice Str+3 Int+3 Dex+4 Slay+3}
HPRegen 1.32/turn    k - ring of Rushosh {rF+++ rCorr EV+5 Int-2 Slay+2}
MPRegen 0.33/turn

%: rampage
@: brilliant, in a vortex, flying (expiring), studying 3 skills, lightly drained
A: high MP 1, forlorn, divine attributes, hooves 1, clever 1, strong 1, wild
magic 1, MP-powered wands
0: Orb of Zot
}: 3/15 runes: decaying, serpentine, abyssal
a: no special abilities


You escaped.
You visited 9 branches of the dungeon, and saw 46 of its levels.
You visited the Abyss 5 times.
You also visited: Ossuary, Bailey, Gauntlet, Volcano and Wizlab.

You collected 5565 gold pieces.
You spent 1143 gold pieces at shops.

Inventory:

Hand Weapons
 a - a +7 heavy demon whip
   (You took it off Amaemon on level 10 of the Dungeon)
Missiles
 I - 12 curare-tipped darts
 O - a throwing net
Armour
 g - a +2 pair of boots (worn)
   (You found it on level 1 of the Dungeon)
 v - a +3 buckler of cold resistance (worn)
   (You took it off a deep elf demonologist on level 3 of the Elven Halls)
 y - the +3 cloak of the World (worn) {Slay+6}
   (You found it in a Gauntlet)

   Slay+6:    It affects your accuracy & damage with ranged weapons and melee
   (+6).
 F - the +0 pair of gloves "Paagiamp" (worn) {rN+ Int+3}
   (You found it in a Gauntlet)

   Int+3:     It affects your intelligence (+3).
   rN+:       It protects you from negative energy.
 J - +7 swamp dragon scales (worn)
   (You found it on level 4 of the Swamp)
 R - the +3 helmet of the Dwarven Hall (worn) {Rampage rC+ Will- Slay+3}
   (You found it on level 7 of the Dungeon)

   Slay+3:    It affects your accuracy & damage with ranged weapons and melee
   (+3).
   rC+:       It protects you from cold.
   Will-:     It decreases your willpower.
   Rampage:   It bestows one free step when moving towards enemies.
Magical Staves
 b - a staff of cold (weapon)
   (You found it on level 3 of the Elven Halls)
Jewellery
 c - a ring of protection from cold
   (You found it on level 4 of the Realm of Zot)
 i - a ring of see invisible
   (You took it off a deep elf zephyrmancer on level 1 of the Elven Halls)
 k - the ring of Rushosh (right hand) {rF+++ rCorr EV+5 Int-2 Slay+2}
   (You acquired it on level 9 of the Dungeon)

   [ring of evasion]

   EV+5:      It affects your evasion (+5).
   Int-2:     It affects your intelligence (-2).
   Slay+2:    It affects your accuracy & damage with ranged weapons and melee
   (+2).
   rF+++:     It renders you almost immune to fire.
   rCorr:     It protects you from acid and corrosion.
 o - an amulet of regeneration (around neck)
   (You found it on level 3 of the Lair of Beasts)
 p - a ring of protection from fire
   (You took it off a wizard on level 2 of the Depths)
 G - the amulet "Jytre" {Acrobat -Tele Dex+7}
   (You found it in a Gauntlet)

   [amulet of the acrobat]

   Acrobat:   It increases your evasion while moving and waiting.
   Dex+7:     It affects your dexterity (+7).
   -Tele:     It prevents most forms of teleportation.
 H - the ring "Myxt" (left hand) {Ice Str+3 Int+3 Dex+4 Slay+3}
   (You took it off Josephina on level 1 of the Realm of Zot)

   [ring of ice]

   Ice:       It enhances your ice magic.
   Str+3:     It affects your strength (+3).
   Int+3:     It affects your intelligence (+3).
   Dex+4:     It affects your dexterity (+4).
   Slay+3:    It affects your accuracy & damage with ranged weapons and melee
   (+3).
   rF-:       It makes you vulnerable to fire.
   rC+:       It protects you from cold.
 K - the ring of the Living God {rF+ Will+ MP+9 Dex+3 Stlth-}
   (You took it off a deep elf pyromancer on level 3 of the Elven Halls)

   [ring of protection from fire]

   Dex+3:     It affects your dexterity (+3).
   rF+:       It protects you from fire.
   Will+:     It increases your willpower.
   MP+9:      It affects your magic capacity (+9).
   Stlth-:    It makes you less stealthy.
 N - the ring of Anlyud {Wiz *Corrode rElec Str+2}
   (You found it in a wizard's laboratory)

   [ring of wizardry]

   Wiz:       It improves your spell success rate.
   Str+2:     It affects your strength (+2).
   rElec:     It insulates you from electricity.
   *Corrode:  It may corrode you when you take damage.
 P - a ring of ice
   (You found it on level 7 of the Dungeon)
 S - the ring of Atu Zen {rC+ AC+4 Str+3}
   (You found it on level 7 of the Dungeon)

   [ring of protection]

   AC+4:      It affects your AC (+4).
   Str+3:     It affects your strength (+3).
   rC+:       It protects you from cold.
 T - a +6 ring of dexterity
   (You found it on level 7 of the Dungeon)
Wands
 x - a wand of light (24)
   (You found it on level 3 of the Lair of Beasts)
 C - a wand of charming (47)
   (You found it on level 2 of the Dungeon)
 M - a wand of digging (28)
   (You found it on level 5 of the Dungeon)
 X - a wand of iceblast (41)
   (You found it on level 3 of the Dungeon)
 Y - a wand of mindburst (4)
   (You found it on level 4 of the Lair of Beasts)
Scrolls
 e - 2 scrolls of amnesia
 f - 2 scrolls of butterflies
 j - 6 scrolls of fog
 t - 13 scrolls of teleportation
 u - a scroll of silence
 z - 2 scrolls of blinking
 A - 9 scrolls of fear
 E - 7 scrolls of vulnerability
 U - 6 scrolls of revelation
 V - 3 scrolls of immolation
 W - 7 scrolls of poison
Potions
 d - 7 potions of might
 h - a potion of haste
 l - 4 potions of invisibility
 m - 4 potions of magic
 n - 2 potions of resistance
 q - 32 potions of curing
 s - 3 potions of ambrosia
 B - 3 potions of cancellation
 D - 8 potions of brilliance
 Q - a potion of attraction
Miscellaneous
 r - a phantom mirror (inert)
   (You found it on level 3 of the Vaults)
 L - a box of beasts
   (You found it in a Gauntlet)


   Skills:
 - Level 15.0 Fighting
 - Level 12.0 Maces & Flails
 - Level 11.0 Armour
 - Level 10.0 Dodging
 - Level 1.7 Stealth
 - Level 6.0 Shields
 + Level 19.7 Spellcasting
 - Level 6.0 Conjurations
 - Level 0.8 Transmutations
 - Level 25.0 Ice Magic
 + Level 10.6 Air Magic
 - Level 6.0 Poison Magic
 - Level 6.0 Evocations


You had 21 spell levels left.
You knew the following spells:

 Your Spells              Type           Power      Damage    Failure   Level
a - Maxwell's Capacitive  Air            68%        ∞         63%         8
c - Mephitic Cloud        Conj/Pois/Air  100%       N/A       1%          3
d - Olgreb's Toxic Radia  Pois           100%       N/A       1%          4
e - Frozen Ramparts       Ice            100%       1d16      1%          3
f - Freezing Cloud        Conj/Ice/Air   100%       6-21      1%          5
g - Ozocubu's Armour      Ice            100%       N/A       1%          3
h - Hailstorm             Conj/Ice       100%       3d20      1%          3
i - Polar Vortex          Ice            100%       12d13*    4%          9
r - Blink                 Tloc           100%       N/A       2%          2

Your spell library contained the following spells:

 Spells                   Type           Power      Damage    Failure   Level
 Apportation              Tloc           100%       N/A       1%          1
 Foxfire                  Conj/Fire      100%       2x1d9     1%          1
 Freeze                   Ice            100%       1d10      1%          1
 Magic Dart               Conj           100%       1d8       1%          1
 Necrotise                Necr           100%       1d9       1%          1
 Sandblast                Erth           100%       2d20      1%          1
 Slow                     Hex            100%       N/A       1%          1
 Sting                    Tmut/Pois      100%       1d8       1%          1
 Summon Small Mammal      Summ           100%       N/A       1%          1
 Cigotuvi's Dreadful Rot  Necr/Pois/Air  100%       N/A       1%          2
 Ensorcelled Hibernation  Hex/Ice        100%       N/A       1%          2
 Momentum Strike          Conj/Tloc      100%       3d10      1%          2
 Poisonous Vapours        Pois/Air       100%       N/A       1%          2
 Searing Ray              Conj           100%       2d8       1%          2
 Static Discharge         Conj/Air       100%       2-7/arc   1%          2
 Dazzling Flash           Conj/Hex       100%       N/A       1%          3
 Ignite Poison            Fire/Tmut/Pois 93%        N/A       1%          3
 Stone Arrow              Conj/Erth      100%       3d13      1%          3
 Summon Ice Beast         Ice/Summ       100%       N/A       1%          4
 Vhi's Electric Charge    Tloc/Air       100%       N/A       1%          4
 Arcjolt                  Conj/Air       63%        1d73      1%          5
 Metabolic Englaciation   Hex/Ice        98%        N/A       1%          5
 Call Imp                 Summ           100%       N/A       2%          2
 Jinxbite                 Hex            100%       N/A       2%          2
 Lesser Beckoning         Tloc           100%       N/A       2%          2
 Passwall                 Tmut/Erth      65%        N/A       2%          2
 Scorch                   Fire           100%       2d9       2%          2
 Sublimation of Blood     Necr           74%        N/A       2%          2
 Call Canine Familiar     Summ           74%        N/A       4%          3
 Confusing Touch          Hex            74%        N/A       4%          3
 Sigil of Binding         Hex            74%        N/A       4%          3
 Summon Guardian Golem    Hex/Summ       74%        N/A       4%          3
 Tukima's Dance           Hex            74%        N/A       4%          3
 Vampiric Draining        Necr           74%        2d11      4%          3
 Volatile Blastmotes      Fire/Tloc      100%       2d18      4%          3
 Fulminant Prism          Conj/Hex       49%        3d20      4%          4
 Iskenderun's Mystic Bla  Conj/Tloc      98%        2d19      4%          4
 Sticky Flame             Conj/Fire      98%        2d11      4%          4
 Conjure Ball Lightning   Conj/Air       63%        3x3d23    7%          6
 Alistair's Intoxication  Tmut/Pois      67%        N/A       9%          5
 Fireball                 Conj/Fire      49%        3d19      10%         5
 Petrify                  Tmut/Erth      78%        N/A       11%         4
 Animate Armour           Summ/Erth      100%       N/A       12%         4
 Dimensional Bullseye     Hex/Tloc       37%        N/A       12%         4
 Leda's Liquefaction      Hex/Erth       37%        N/A       12%         4
 Manifold Assault         Tloc           74%        N/A       12%         4
 Passage of Golubria      Tloc           74%        N/A       12%         4
 Plasma Beam              Fire/Air       56%        2x1d71    21%         6
 Yara's Violent Unravell  Hex/Tmut       39%        3d16      26%         5
 Agony                    Necr           74%        N/A       30%         5
 Lee's Rapid Deconstruct  Erth           37%        3d18*     30%         5
 Bombard                  Conj/Erth      49%        9d8       43%         6
 Starburst                Conj/Fire      49%        6d13      43%         6
 Enfeeble                 Hex            37%        N/A       100%        7
 Malign Gateway           Summ/Tloc      37%        N/A       100%        7
 Monstrous Menagerie      Summ           37%        N/A       100%        7
 Summon Hydra             Summ           37%        N/A       100%        7
 Borgnjor's Revivificati  Necr           37%        N/A       100%        8
 Discord                  Hex            37%        N/A       100%        8
 Disjunction              Tloc           37%        N/A       100%        8
 Ignition                 Fire           37%        3d11      100%        8
 Lehudib's Crystal Spear  Conj/Erth      49%        10d12     100%        8
 Summon Horrible Things   Summ           37%        N/A       100%        8


Dungeon Overview and Level Annotations

Branches:
Dungeon (15/15)            Temple (0/1) D:5            Lair (5/5) D:9
  Swamp (4/4) Lair:2        Snake (4/4) Lair:3        Slime (0/5) Lair:5
    Orc (2/2) D:9             Elf (3/3) Orc:2        Vaults (4/5) D:13
  Crypt (0/3) Vaults:3     Depths (4/4) D:15            Zot (5/5) Depths:4
Ossuary (visited)          Bailey (visited)         Volcano (visited)
 WizLab (visited)         Gauntlet (visited)

Shops:
D:2 (   Orc:2 ?(*(   Elf:2 *

Portals:
Hell: Depths:1 Depths:2 Depths:3 Depths:4
Abyss: Depths:1 Depths:3
Pandemonium: Depths:2 Depths:3 Depths:4
Ziggurat: Depths:4

Annotations:
D:3 1 runed translucent door, AceOff's ghost, amateur OpSh
D:4 2 transporters, orangepiccolo's ghost, amateur MiBe
D:14 1 runed translucent door, Agruq Axkidd's ghost, journeyman GrEE
Elf:2 5 runed translucent doors


Innate Abilities, Weirdness & Mutations

You have an increased reservoir of magic. (+10% MP)
You shall have no god before yourself.
Your divine heritage dramatically boosts your attributes as you level up.
You have large cloven feet.
Your mind is acute. (Int +4, Str/Dex -1)
Your muscles are strong. (Str +4, Int/Dex -1)
Your spells are a little harder to cast, but a little more powerful.
You expend magic power (3 MP) to strengthen your wands.


Message History

Casting: Polar Vortex (dangerous; 7% risk of failure)
Confirm with . or Enter, or press ? or * to list all spells.
A great freezing vortex appears and lifts you up.
You kill the chaos spawn!
The chaos spawn degenerates into a cloud of primal chaos!
No target in view!
No target in view!
A Tzitzimitl comes into view.
You thrash the Tzitzimitl!!
The Tzitzimitl is heavily wounded.
No target in view!
No target in view!
The winds around you start to calm down.
You float gracefully downwards.
A Tzitzimitl is nearby!
Unknown command.
You rampage towards the Tzitzimitl!
You thrash the Tzitzimitl!!
The Tzitzimitl is almost dead.
You are engulfed in whirling frost.
The Tzitzimitl gestures at you. The bolt of negative energy hits you!!
You partially resist.
You feel drained.
You whack the Tzitzimitl!
The Tzitzimitl is almost dead.
You are engulfed in whirling frost.
The Tzitzimitl barely misses you. The Tzitzimitl closely misses you.
You punish the Tzitzimitl, causing immense pain!!!
You kill the Tzitzimitl!
You are engulfed in whirling frost.
You feel your intelligence returning.
No target in view!
You're wearing all the rings you can.
Remove which one? (? for menu, Esc to cancel) < or
K - the ring of the Living God {rF+ Will+ MP+9 Dex+3 Stlth-} > or
k - the ring of Rushosh {rF+++ rCorr EV+5 Int-2 Slay+2} You remove the ring of the Living God {rF+ Will+ MP+9 Dex+3 Stlth-}.
You feel your magic capacity decrease.
You feel more attuned to ice.
You feel stronger.
You feel clever.
You feel agile.
H - the ring "Myxt" (left hand) {Ice Str+3 Int+3 Dex+4 Slay+3} The winds around you calm down.
You start resting.
HP restored.
Magic restored.
There is a stone staircase leading up, spattered with blood here.
You climb upwards.
There is a stone staircase leading down here.
You see here a +0 club.
You see here a +0 halberd.
The gnoll shouts!
Unknown command.
Casting: Polar Vortex (dangerous; 4% risk of failure)
Confirm with . or Enter, or press ? or * to list all spells.
You feel a surge of power!
A great freezing vortex appears and lifts you up.
You rampage towards the gnoll!
You kill the gnoll!
No target in view!
You see here a +0 club.
No target in view!
Unknown command.
No target in view!
No target in view!
No target in view!
The winds around you start to calm down.
You float gracefully downwards.
You are engulfed in whirling frost.
The winds around you calm down.
A sixfirhy comes into view.
There is a stone staircase leading up here.
You climb upwards.
Level annotation: 2 transporters, orangepiccolo's ghost, amateur MiBe
There is a stone staircase leading down here.
There is a stone staircase leading up here.
Magic restored.
You climb upwards.
Level annotation: 1 runed translucent door, AceOff's ghost, amateur OpSh
There is a stone staircase leading down here.
There is a stone staircase leading up here.
You climb upwards.
There is a stone staircase leading down here.
An Orb Guardian comes into view.
There is a stone staircase leading up here.
You climb upwards.
There is a stone staircase leading down here.
There is an open door here.
There is a staircase leading out of the dungeon here.
b - a staff of cold (weapon)
You feel clever all of a sudden.
Enter note: gg
Casting: Polar Vortex (dangerous; 4% risk of failure)
Confirm with . or Enter, or press ? or * to list all spells.
You can't see any susceptible monsters within range! (Use Z to cast anyway.)
Casting: Polar Vortex (dangerous; 4% risk of failure)
Confirm with . or Enter, or press ? or * to list all spells.
You can't see any susceptible monsters within range! (Use Z to cast anyway.)
Casting: Polar Vortex (dangerous; 4% risk of failure)
Confirm with . or Enter, or press ? or * to list all spells.
You feel a huge surge of power!
A great freezing vortex appears and lifts you up.
You have escaped!

##.#.##.## #.# ##..##.# ##.##
##.##.# ##...# #.##.#
###...### #.##.# #....##.##
##.##.# #.#.##...##
#.....#### #.###..∩..##
#..#.....# ######.......###
#..#.....###@§............#
#..#.......########'#####.#
#..#.....##.##.##.#.####..###
#..#.....##.##.#.............
#.................##########.
##.####.####.##.##.##### #.
#.......####.##.##.#...# #.
#..#######.............# #.
#..# #.#########...# ##


There were no monsters in sight!

Vanquished Creatures
  2 dread liches
  5 ancient liches
  3 orbs of fire (Zot:5)
  Josephina (Zot:1)
  2 Killer Klowns (Zot:5)
  the Lernaean hydra (Swamp:4)
  7 golden dragons
  4 caustic shrikes (Depths:4)
  Nikola (Elf:1)
  A bone dragon (Depths:4)
  A pearl dragon (Depths:2)
  A Tzitzimitl (D:6)
  4 electric golems
  A pandemonium lord (Depths:1)
  12 tentacled monstrosities
  An Ice Fiend (Zot:2)
  Rupert (Lair:5)
  27 Orb Guardians
  2 deep elf blademasters (Elf:3)
  6 liches
  4 deep elf master archers (Elf:3)
  A moon troll (WizLab)
  3 quicksilver dragons
  A sphinx (Vaults:1)
  17 tentacled starspawn
  3 death cobs
  An Executioner (Abyss:2)
  8 tengu reavers
  10 storm dragons
  6 shadow dragons
  A fenstrider witch (Swamp:3)
  Donald (Vaults:1)
  2 nagarajas (Snake:4)
  3 fire giants
  A draconian monk (Zot:5)
  10 deep elf sorcerers
  2 draconian knights
  9 draconian scorchers
  2 frost giants
  A balrug (Depths:1)
  6 draconian stormcallers
  12 vault wardens
  8 draconian shifters
  4 deep elf elementalists
  5 ghouls
  2 spriggan defenders (Depths:4)
  3 draconian annihilators
  2 orc warlords
  2 war gargoyles (WizLab)
  14 stone giants
  2 cacodemons (WizLab)
  20 very ugly things
  A reaper (Depths:1)
  15 ironbound preservers
  7 ironbound thunderhulks
  An ophan (Depths:2)
  An apis (Depths:2)
  11 black draconians
  11 green draconians
  A vampire knight (Depths:4)
  8 deep elf demonologists (Elf:3)
  3 dire elephants (Vaults:2)
  8 deep elf annihilators
  3 eleionomae
  9 white draconians
  A spark wasp (Depths:3)
  3 purple draconians
  13 yellow draconians
  6 bunyips
  A minotaur (Gauntlet)
  10 red draconians
  2 green deaths
  2 crystal guardians
  4 deep elf death magi (Elf:3)
  3 blizzard demons
  6 yaktaur captains
  A merfolk impaler (Depths:4)
  8 ettins
  6 great orbs of eyes
  3 deep elf high priests (Elf:3)
  7 fire dragons
  A hell beast (Depths:1)
  A rakshasa (Depths:1)
  23 hydras
  5 ice dragons
  2 ghost crabs
  6 vault guards
  12 alligators
  8 ironbound frosthearts
  5 salamander tyrants
  8 anacondas
  A peacekeeper (Vaults:4)
  A merfolk avatar (Abyss:3)
  4 catoblepae
  9 spriggan air magi
  An ogre mage (Vaults:4)
  2 two-headed ogres
  10 dancing weapons
  7 boulder beetles
  11 centaur warriors
  A death knight (D:14)
  A two-headed ogre (shapeshifter) (Vaults:3)
  5 tengu warriors
  6 death yaks (Gauntlet)
  8 deep troll earth magi
  3 orc high priests (Orc:2)
  8 deep troll shamans
  14 naga sharpshooters
  2 vampire magi (Depths:2)
  12 naga warriors
  3 thrashing horrors
  3 shock serpents
  11 spriggan berserkers
  15 deep elf knights
  9 iron trolls
  2 skysharks
  3 sixfirhies
  2 salamander mystics (Snake:4)
  Nergalle (Lair:1)
  5 wretched stars
  9 skeletal warriors
  A shadow wraith (Abyss:2)
  Amaemon (D:10)
  4 goliath frogs
  A shadow demon (Depths:3)
  5 spriggan druids
  51 deep trolls
  A deep troll (shapeshifter) (Vaults:3)
  2 flayed ghosts
  15 lindwurms
  6 naga ritualists
  A quicksilver dragon simulacrum (Zot:1)
  12 bog bodies
  14 glowing orange brains
  8 large abominations
  2 orange crystal statues
  11 swamp dragons
  4 deep elf archers
  14 ironbound convokers
  18 starcursed masses
  21 deep elf pyromancers
  2 necromancers
  11 wizards
  6 orc knights
  5 orc sorcerers
  23 deep elf zephyrmancers
  10 mana vipers
  7 spectral spriggans (Swamp:1)
  31 ugly things
  3 manticores
  A moth of wrath (shapeshifter) (Vaults:3)
  4 will-o-the-wisps
  2 manticores (shapeshifter) (Vaults:3)
  25 moths of wrath
  A worldbinder (Abyss:3)
  6 cyclopes
  15 salamanders
  8 elephants (Lair:3)
  6 guardian serpents
  A guardian serpent (shapeshifter) (D:15)
  4 rust devils
  12 naga magi
  5 eyes of devastation (WizLab)
  24 vault sentinels
  30 black mambas
  3 molten gargoyles (Volcano)
  2 smoke demons
  10 cane toads
  4 torpor snails
  4 orange demons
  A storm dragon simulacrum (Zot:1)
  A gargoyle (D:13)
  2 unseen horrors
  A kobold demonologist (D:12)
  8 rime drakes
  6 tengu conjurers
  2 tormentors
  2 freezing wraiths (Swamp:1)
  3 efreet
  9 komodo dragons
  27 yaktaurs
  11 polar bears
  A shadow dragon simulacrum (Zot:1)
  2 red devils
  3 ancient zymes
  A bloated husk (Swamp:1)
  13 hornets
  10 tyrant leeches
  5 trolls
  Prince Ribbit (Bailey)
  10 raiju
  A snapping turtle (shapeshifter) (Depths:4)
  22 blink frogs
  A draconian simulacrum (Zot:1)
  7 dream sheep (Lair:4)
  2 flying skulls (Abyss:3)
  An air elemental (Elf:3)
  2 centaur simulacra
  11 water elementals
  A shadow (D:12)
  13 spriggans
  7 fire elementals
  22 slime creatures
  8 wyverns
  A vampire (D:12)
  3 ynoxinuls
  6 chaos spawn
  4 wraiths
  3 neqoxecs
  3 basilisks
  24 yaks
  9 humans (Bailey)
  A steam dragon (D:6)
  A yellow draconian simulacrum (Zot:1)
  13 vampire mosquitoes
  50 nagas
  Menkaure (D:6)
  7 wargs
  17 swamp worms
  17 water moccasins
  Duvessa (D:5)
  13 hell hounds (Lair:5)
  A swamp drake (shapeshifter) (Elf:2)
  A sky beast (D:6)
  8 swamp drakes
  4 ice beasts
  20 orc warriors
  12 black bears
  10 ogres
  20 wolves
  4 centaurs
  A phantom (D:5)
  4 elf zombies (Ossuary)
  2 kobold brigands
  20 bullfrogs
  2 scorpions
  2 gnoll sergeants
  7 earth elementals
  3 small abominations
  12 wights
  Dowan (D:5)
  2 killer bees (D:7)
  6 howler monkeys
  2 electric eels
  3 crimson imps
  6 human zombies (Ossuary)
  2 centaur zombies (Ossuary)
  3 iron imps (Abyss:3)
  17 orc priests
  2 hounds
  6 jellies
  A sleepcap (D:6)
  2 gnoll boudas
  Terence (D:2)
  7 iguanas
  22 orc wizards
  3 mummies (Ossuary)
  16 gnolls
  9 adders
  3 shadow imps
  7 white imps
  3 ufetubi
  2 worms
  6 dart slugs
  76 orcs
  4 bats
  7 endoplasms
  3 giant cockroaches
  9 goblins
  5 hobgoblins
  4 jackals (D:5)
  4 quokkas
  3 ball pythons (D:3)
  3 frilled lizards
  A goblin zombie (D:6)
  14 kobolds
  3 rats
  A rat zombie (D:6)
  A lurking horror (Abyss:2)
  19 starspawn tentacles (WizLab)
1914 creatures vanquished.

Vanquished Creatures (collateral kills)
  An orc knight (Vaults:4)
1 creature vanquished.

Vanquished Creatures (others)
  An eldritch tentacle (Abyss:3)
  A hydra (Swamp:4)
  A dancing weapon (Elf:2)
  A deep elf pyromancer (Elf:1)
  A black mamba (Snake:1)
  An unseen horror (D:13)
  7 bloated husks
  An acid dragon (shapeshifter) (Elf:3)
  3 swamp drakes (Swamp:4)
  36 foxfires
  18 starspawn tentacles
71 creatures vanquished.

Grand Total: 1986 creatures vanquished

Notes
Turn   | Place    | Note
-------+----------+-------------------------------------------
     0 | D:1      | Flugkiller the Demigod Venom Mage began the quest for the
                  | Orb.
     0 | D:1      | Reached XP level 1. HP: 14/14 MP: 5/5
   953 | D:2      | Found Buuz's Antique Weapon Emporium.
   964 | D:2      | Reached XP level 2. HP: 20/20 MP: 4/7
  1006 | D:2      | Noticed Terence
  1314 | D:2      | Reached skill level 1 in Fighting
  1401 | D:2      | Reached XP level 3. HP: 26/28 MP: 2/9
  1707 | D:2      | Learned a level 2 spell: Poisonous Vapours
  2001 | D:2      | Reached XP level 4. HP: 35/35 MP: 7/11
  2140 | D:2      | Killed Terence
  2283 | D:3      | Identified the +5 whip "Killer Bee's Bane" {protect, rPois
                  | rN++ Will+ Int+3}
  2334 | D:3      | Reached skill level 1 in Evocations
  2821 | D:3      | Found a runed translucent door.
  2826 | D:3      | Noticed AceOff's ghost (amateur OpSh)
  2988 | D:3      | Reached XP level 5. HP: 40/40 MP: 9/12
  3293 | D:4      | Learned a level 3 spell: Mephitic Cloud
  3298 | D:4      | Learned a level 4 spell: Olgreb's Toxic Radiance
  3358 | D:4      | Found a transporter.
  3716 | D:4      | Noticed a water moccasin
  3716 | D:4      | Noticed a centaur
  3862 | D:4      | Killed a centaur
  4102 | D:4      | Found a transporter.
  4102 | D:4      | Noticed orangepiccolo's ghost (amateur MiBe)
  4123 | D:4      | Killed a water moccasin
  4124 | D:4      | Reached skill level 5 in Poison Magic
  4124 | D:4      | Reached XP level 6. HP: 44/47 MP: 13/13
  5105 | D:5      | Entered Level 5 of the Dungeon
  5107 | D:5      | Noticed Duvessa
  5111 | D:5      | Killed Duvessa
  5215 | D:5      | Noticed Dowan
  5223 | D:5      | Killed Dowan
  5224 | D:5      | Reached XP level 7. HP: 52/52 MP: 1/14
  5501 | D:5      | Found a staircase to the Ecumenical Temple.
  6138 | D:5      | Reached XP level 8. HP: 57/62 MP: 14/18
  6396 | D:6      | Reached skill level 5 in Spellcasting
  6432 | D:6      | Found a sand-covered staircase.
  6518 | Ossuary  | Entered an ossuary
  6925 | Ossuary  | Reached XP level 9. HP: 72/72 MP: 21/21
  7146 | D:6      | Noticed Menkaure
  7155 | D:6      | Killed Menkaure
  7156 | D:6      | Reached skill level 5 in Fighting
  7156 | D:6      | Reached skill level 5 in Dodging
  7321 | D:6      | You fall into a shaft and drop 1 floor!
  7376 | D:7      | Identified the +3 helmet of the Dwarven Hall {Rampage rC+
                  | Will- Slay+3}
  8222 | D:7      | Reached skill level 5 in Evocations
  8350 | D:7      | Noticed a boulder beetle
  8359 | D:7      | Killed a boulder beetle
  8449 | D:7      | Noticed a cyclops
  8575 | D:7      | Killed a cyclops
  8576 | D:7      | Reached XP level 10. HP: 83/83 MP: 9/22
  8756 | D:7      | Noticed a cyclops
  8777 | D:7      | Killed a cyclops
  8778 | D:7      | Reached skill level 5 in Shields
  8814 | D:7      | Noticed a purple ugly thing
  8826 | D:7      | Killed a purple ugly thing
  9393 | D:7      | Got a murmuring book
  9417 | D:7      | Learned a level 3 spell: Frozen Ramparts
  9540 | D:7      | Identified the +0 scale mail of the Nine Cursing Orbs
                  | {rElec Int-3 Dex+2}
  9546 | D:7      | Identified the ring of Atu Zen {rC+ AC+4 Str+3}
  9550 | D:7      | Gained mutation: You are resistant to electric shocks.
                  | (rElec) [potion of mutation]
  9550 | D:7      | Gained mutation: You are dopey. (Int -2) [potion of
                  | mutation]
  9550 | D:7      | Gained mutation: You have a pair of small antennae on your
                  | head. [potion of mutation]
  9653 | D:7      | Lost mutation: You are dopey. (Int -2) [potion of mutation]
  9653 | D:7      | Lost mutation: You are resistant to electric shocks.
                  | (rElec) [potion of mutation]
  9653 | D:7      | Lost mutation: You have a pair of small antennae on your
                  | head. [potion of mutation]
  9653 | D:7      | Gained mutation: You occasionally lose the ability to read
                  | scrolls when taking damage. [potion of mutation]
  9653 | D:7      | Gained mutation: You have supernaturally acute eyesight.
                  | (SInv) [potion of mutation]
  9653 | D:7      | Lost mutation: You have supernaturally acute eyesight.
                  | (SInv) [potion of mutation]
  9977 | D:8      | Reached skill level 1 in Ice Magic
 10138 | D:8      | Reached skill level 1 in Armour
 10138 | D:8      | Reached skill level 1 in Conjurations
 10394 | D:9      | Reached skill level 2 in Ice Magic
 10528 | D:9      | Found a staircase to the Orcish Mines.
 10610 | D:9      | Found a staircase to the Lair.
 11285 | D:9      | Reached skill level 3 in Ice Magic
 11343 | D:9      | Identified a scroll of acquirement
 11344 | D:9      | Acquired the ring of Rushosh {rF+++ rCorr EV+5 Int-2
                  | Slay+2}
 11369 | D:10     | Entered Level 10 of the Dungeon
 11369 | D:10     | Noticed Amaemon
 11380 | D:10     | Reached XP level 11. HP: 83/89 MP: 14/26
 11383 | D:10     | Killed Amaemon
 11448 | D:10     | Reached skill level 4 in Ice Magic
 11536 | D:10     | Noticed a skeletal warrior
 11536 | D:10     | Noticed a skeletal warrior
 11536 | D:10     | Noticed a skeletal warrior
 11573 | D:10     | Killed a skeletal warrior
 11578 | D:10     | Killed a skeletal warrior
 11592 | D:10     | Noticed a skeletal warrior
 11592 | D:10     | Noticed a skeletal warrior
 11646 | D:10     | Killed a skeletal warrior
 11670 | D:10     | Killed a skeletal warrior
 11671 | D:10     | Reached skill level 5 in Ice Magic
 11721 | D:10     | Found a flagged portal.
 11739 | D:10     | Killed a skeletal warrior
 11766 | Bailey   | Entered a bailey
 12006 | Bailey   | Reached skill level 6 in Ice Magic
 12013 | Bailey   | Noticed a vault guard
 12057 | Bailey   | Killed a vault guard
 12201 | Bailey   | Noticed Prince Ribbit
 12209 | Bailey   | Killed Prince Ribbit
 12361 | Bailey   | Noticed a vault guard
 12392 | Bailey   | Killed a vault guard
 12614 | D:10     | Learned a level 5 spell: Freezing Cloud
 12788 | D:10     | Noticed a two-headed ogre
 12805 | D:10     | Killed a two-headed ogre
 13744 | D:11     | Noticed a two-headed ogre
 13756 | D:11     | Killed a two-headed ogre
 13757 | D:11     | Reached skill level 7 in Ice Magic
 13757 | D:11     | Reached skill level 1 in Air Magic
 14122 | Lair:1   | Entered Level 1 of the Lair of Beasts
 14200 | Lair:1   | Reached XP level 12. HP: 96/96 MP: 21/28
 14549 | Lair:1   | Reached skill level 5 in Conjurations
 14553 | Lair:1   | Reached skill level 5 in Armour
 14784 | Lair:1   | Noticed a catoblepas
 14799 | Lair:1   | Noticed Nergalle
 14802 | Lair:1   | Killed a catoblepas
 14834 | Lair:1   | Killed Nergalle
 14906 | Lair:1   | Reached skill level 8 in Ice Magic
 15351 | Lair:2   | Noticed a four-headed hydra
 15360 | Lair:2   | Killed a four-headed hydra
 15690 | Lair:2   | Found a staircase to the Swamp.
 16283 | Lair:3   | Found a gate leading to a gauntlet.
 16295 | Gauntlet | Entered a Gauntlet
 16295 | Gauntlet | Found a transporter.
 16295 | Gauntlet | Found a transporter.
 16295 | Gauntlet | Found a transporter.
 16311 | Gauntlet | Found a transporter.
 16315 | Gauntlet | Found a transporter.
 16327 | Gauntlet | Found a transporter.
 16329 | Gauntlet | Found a transporter.
 16345 | Gauntlet | Found a transporter.
 16360 | Gauntlet | Found a transporter.
 16366 | Gauntlet | Found a transporter.
 16383 | Gauntlet | Found a transporter.
 16427 | Gauntlet | Found a transporter.
 16544 | Gauntlet | Reached skill level 9 in Ice Magic
 16674 | Gauntlet | Identified the +3 cloak of the World {Slay+6}
 16734 | Gauntlet | Reached XP level 13. HP: 99/102 MP: 13/30
 16736 | Gauntlet | Identified the amulet "Jytre" {Acrobat -Tele Dex+7}
 16821 | Gauntlet | Noticed a minotaur
 16835 | Gauntlet | Killed a minotaur
 16917 | Gauntlet | Identified the +0 pair of gloves "Paagiamp" {rN+ Int+3}
 17048 | Lair:3   | Reached skill level 10 in Ice Magic
 17085 | Lair:3   | Found a staircase to the Snake Pit.
 17309 | Lair:3   | Reached skill level 10 in Spellcasting
 17590 | Lair:3   | Reached skill level 1 in Maces & Flails
 17875 | Lair:3   | You fall into a shaft and drop 1 floor!
 18746 | Lair:5   | Entered Level 5 of the Lair of Beasts
 18826 | Lair:5   | Noticed Rupert
 18829 | Lair:5   | Paralysed by Rupert for 5 turns
 18842 | Lair:5   | Killed Rupert
 18894 | Lair:5   | Reached skill level 5 in Maces & Flails
 18964 | Lair:5   | Found a staircase to the Slime Pits.
 18996 | Lair:5   | Found a dark tunnel.
 19001 | Volcano  | Entered a volcano
 19618 | Lair:5   | Reached XP level 14. HP: 117/118 MP: 24/32
 20213 | Lair:5   | Reached skill level 10 in Fighting
 21355 | D:12     | Identified the +1 rapier of Atytsem {heavy, rF+ rCorr}
 21700 | D:12     | Reached skill level 10 in Maces & Flails
 22459 | D:13     | Found a gate to the Vaults.
 22769 | D:13     | Acquired the Compendium of the Crevasse and Gusts
 22906 | D:14     | Noticed Agruq Axkidd's ghost (journeyman GrEE)
 22909 | D:14     | Found a runed translucent door.
 23608 | D:15     | Entered Level 15 of the Dungeon
 24159 | D:15     | Reached XP level 15. HP: 126/126 MP: 14/34
 24298 | D:15     | Found a staircase to the Depths.
 24809 | Orc:1    | Entered Level 1 of the Orcish Mines
 25200 | Orc:2    | Entered Level 2 of the Orcish Mines
 25213 | Orc:2    | Found a staircase to the Elven Halls.
 25559 | Orc:2    | Found Akempirr's Antique Weapon Emporium.
 25761 | Orc:2    | Found Wakihi's Weapon Shop.
 25762 | Orc:2    | Reached skill level 11 in Ice Magic
 25766 | Orc:2    | Found Nyitux's Assorted Antiques.
 25772 | Orc:2    | Found Pedikhl Haaco's Magic Scroll Emporium.
 25783 | Orc:2    | Bought a scroll of revelation for 105 gold pieces
 25783 | Orc:2    | Bought a scroll of teleportation for 42 gold pieces
 25793 | Orc:2    | Bought a potion of mutation for 256 gold pieces
 25793 | Orc:2    | Bought a potion of resistance for 320 gold pieces
 26245 | Orc:2    | Bought a masterwork leather armour for 224 gold pieces
 26245 | Orc:2    | Identified the +0 leather armour of Stoicism {rPois} (You
                  | bought it in a shop on level 2 of the Orcish Mines)
 26250 | Orc:2    | Learned a level 3 spell: Ozocubu's Armour
 26254 | Orc:2    | Learned a level 3 spell: Hailstorm
 26264 | Orc:2    | Learned a level 9 spell: Polar Vortex
 26418 | Snake:1  | Entered Level 1 of the Snake Pit
 26629 | Snake:1  | Identified the +3 flail "Wifir" {venom, rC- Str+4 Int+2
                  | Stlth+}
 28893 | Snake:3  | Reached skill level 12 in Ice Magic
 28967 | Snake:3  | Reached skill level 10 in Dodging
 29532 | Snake:4  | Entered Level 4 of the Snake Pit
 29638 | Snake:4  | Reached XP level 16. HP: 121/134 MP: 35/37
 29947 | Snake:4  | Reached skill level 13 in Ice Magic
 30787 | Snake:4  | Noticed a quicksilver dragon
 31284 | Snake:4  | Got a serpentine rune of Zot
 31881 | Snake:4  | Killed a quicksilver dragon
 32285 | Swamp:1  | Entered Level 1 of the Swamp
 32672 | Swamp:1  | Reached skill level 14 in Ice Magic
 33845 | Swamp:2  | Identified the +4 rapier of Unpleasantness {heavy, rF+ rN+
                  | Str+3 Dex+2}
 34176 | Swamp:2  | Reached XP level 17. HP: 100/140 MP: 40/40
 34689 | Swamp:3  | Noticed a tentacled monstrosity
 34710 | Swamp:3  | Killed a tentacled monstrosity
 35005 | Swamp:2  | Reached skill level 15 in Ice Magic
 35440 | Swamp:3  | Paralysed by a fenstrider witch for 4 turns
 35899 | Swamp:4  | Entered Level 4 of the Swamp
 37298 | Swamp:4  | Reached skill level 15 in Spellcasting
 37575 | Swamp:4  | Noticed the 27-headed Lernaean hydra
 37589 | Swamp:4  | Killed the 27-headed Lernaean hydra
 38056 | Swamp:4  | Got a decaying rune of Zot
 38212 | Swamp:4  | Reached skill level 16 in Ice Magic
 38691 | Elf:1    | Entered Level 1 of the Elven Halls
 39190 | Elf:1    | Lost mutation: You occasionally lose the ability to read
                  | scrolls when taking damage. [potion of mutation]
 39190 | Elf:1    | Gained mutation: You occasionally lose the ability to drink
                  | potions when taking damage. [potion of mutation]
 39190 | Elf:1    | Gained mutation: You have sharp toenails. [potion of
                  | mutation]
 39191 | Elf:1    | Lost mutation: You have sharp toenails. [potion of
                  | mutation]
 39191 | Elf:1    | Lost mutation: You occasionally lose the ability to drink
                  | potions when taking damage. [potion of mutation]
 39191 | Elf:1    | Gained mutation: You are agile. (Dex +4, Str/Int -1)
                  | [potion of mutation]
 39191 | Elf:1    | Gained mutation: You are covered in fur. (AC +1) [potion of
                  | mutation]
 39200 | Elf:1    | Noticed Nikola
 39246 | Elf:1    | Killed Nikola
 39588 | Elf:1    | Got a fuliginous book
 39732 | Abyss:2  | Cast into level 2 of the Abyss (+5 short sword of
                  | distortion)
 40195 | Abyss:2  | Noticed a lich
 40228 | Abyss:2  | Killed a lich
 40407 | Elf:1    | Escaped the Abyss
 40475 | Elf:1    | You fall into a shaft and drop 1 floor!
 40492 | Elf:2    | Reached XP level 18. HP: 147/147 MP: 43/43
 40611 | Elf:2    | Got a droning book
 40797 | Elf:2    | Reached skill level 17 in Ice Magic
 41209 | Elf:2    | Found a huge runed translucent gate.
 41209 | Elf:2    | Found a huge runed translucent gate.
 41220 | Elf:2    | Found a huge runed translucent gate.
 41293 | Elf:2    | Found Ydghu's General Store.
 41298 | Elf:2    | Bought a potion of haste for 140 gold pieces
 41298 | Elf:2    | Bought a scroll of fear for 56 gold pieces
 41357 | Elf:2    | Found a huge runed translucent gate.
 41357 | Elf:2    | Found a huge runed translucent gate.
 41384 | Elf:3    | Entered Level 3 of the Elven Halls
 41633 | Elf:3    | Paralysed by an air elemental for 1 turns
 41635 | Elf:3    | Paralysed by an air elemental for 1 turns
 42570 | Abyss:2  | Cast into level 2 of the Abyss (a deep elf demonologist)
 42971 | Elf:3    | Escaped the Abyss
 43175 | Abyss:3  | Cast into level 3 of the Abyss (a deep elf demonologist)
 43212 | Elf:3    | Escaped the Abyss
 43223 | Elf:3    | Reached skill level 18 in Ice Magic
 43289 | Elf:3    | Identified the +6 glaive "Qoru" {drain, rF+ Str-4 Int+2}
 43816 | Elf:3    | Identified the ring of the Living God {rF+ Will+ MP+9 Dex+3
                  | Stlth-}
 44035 | Elf:3    | Identified the +0 leather armour "Piofot" {rC+}
 44359 | Elf:3    | Identified the +10 great sword of the Evil Eye {freeze,
                  | rElec Str+5 Int-4}
 44415 | Elf:3    | Got a leatherbound book
 44442 | Elf:3    | Got a leatherbound book
 44453 | Elf:3    | Got an odd book
 44460 | Elf:3    | Identified the +0 ring mail of Supple Strength {Stlth+}
 44725 | Vaults:1 | Entered Level 1 of the Vaults
 45268 | Vaults:1 | Learned a level 2 spell: Blink
 45316 | Vaults:1 | Reached XP level 19. HP: 151/154 MP: 46/46
 45401 | Vaults:1 | Identified the +4 chain mail of Winter {Int+5 Slay+3}
 45499 | Vaults:1 | Reached skill level 19 in Ice Magic
 45534 | Vaults:1 | Noticed Donald
 45544 | Vaults:1 | Killed Donald
 48524 | Vaults:3 | Paralysed by a great orb of eyes for 3 turns
 48778 | Vaults:3 | Reached skill level 20 in Ice Magic
 49189 | Vaults:3 | Found a staircase to the Crypt.
 50103 | Vaults:4 | Reached XP level 20. HP: 97/161 MP: 36/48
 50259 | Vaults:4 | Reached skill level 21 in Ice Magic
 51442 | Depths:1 | Entered Level 1 of the Depths
 51554 | Depths:1 | Acquired the Omnibus of Combative Execration
 51583 | Depths:1 | Found a one-way gate to the infinite horrors of the Abyss.
 51998 | Depths:1 | Reached skill level 22 in Ice Magic
 52221 | Depths:1 | Found a gateway to Hell.
 53133 | Depths:2 | Noticed a pearl dragon
 53143 | Depths:2 | Killed a pearl dragon
 53466 | Abyss:3  | Cast into level 3 of the Abyss (a deep elf sorcerer)
 53695 | Abyss:3  | Reached skill level 23 in Ice Magic
 53752 | Abyss:3  | Got an abyssal rune of Zot
 53769 | Depths:2 | Escaped the Abyss
 54141 | Abyss:3  | Cast into level 3 of the Abyss (a deep elf sorcerer)
 54147 | Depths:2 | Escaped the Abyss
 54196 | Depths:2 | Found a one-way gate leading to the halls of Pandemonium.
 54207 | Depths:2 | Got an odd book
 54240 | Depths:2 | Got a glossy book
 54286 | Depths:2 | Noticed a dread lich
 54288 | Depths:2 | Noticed an ancient lich
 54295 | Depths:2 | Killed a dread lich
 54310 | Depths:2 | Killed an ancient lich
 54311 | Depths:2 | Reached XP level 21. HP: 152/168 MP: 49/49
 54340 | Depths:2 | Got a mumbling book
 54342 | Depths:2 | Got a levitating book
 54364 | Depths:2 | Got an innocuous book
 54366 | Depths:2 | Got a fuliginous book
 54396 | Depths:2 | Identified the +8 shortbow of Bicsoar {flame, rC- rCorr
                  | MP+9}
 54694 | Depths:3 | Found a magical portal.
 54708 | WizLab   | Entered Lehudib's Moon Base
 55025 | WizLab   | Reached skill level 24 in Ice Magic
 55179 | WizLab   | Identified the ring of Prescription {Fire Dex+3 SInv}
 55301 | WizLab   | Found a transporter.
 55503 | WizLab   | Found a transporter.
 55512 | WizLab   | Found the +8 pair of quick blades "Gyre" and "Gimble"
                  | {protect}
 55660 | WizLab   | Identified the ring of Anlyud {Wiz *Corrode rElec Str+2}
 55671 | WizLab   | Identified the +1 plate armour of Foteys {Harm}
 56514 | Depths:4 | Entered Level 4 of the Depths
 56523 | Depths:4 | Noticed a caustic shrike
 56525 | Depths:4 | Noticed a caustic shrike
 56527 | Depths:4 | Noticed a caustic shrike
 56532 | Depths:4 | Killed a caustic shrike
 56533 | Depths:4 | Killed a caustic shrike
 56533 | Depths:4 | Killed a caustic shrike
 56536 | Depths:4 | Noticed a caustic shrike
 56623 | Depths:4 | Killed a caustic shrike
 56688 | Depths:4 | Found a one-way gateway to a ziggurat.
 57288 | Depths:4 | Reached skill level 25 in Ice Magic
 57357 | Depths:4 | Reached XP level 22. HP: 181/181 MP: 35/50
 57752 | Depths:4 | Found a gate to the Realm of Zot.
 57986 | Zot:1    | Entered Level 1 of the Realm of Zot
 58794 | Zot:2    | Reached skill level 10 in Armour
 59644 | Zot:1    | Identified the ring "Myxt" {Ice Str+3 Int+3 Dex+4 Slay+3}
 59644 | Zot:1    | Noticed Josephina
 59659 | Zot:1    | Killed Josephina
 61020 | Zot:3    | Identified the +2 robe of Eternal Night {Str+5 Archmagi}
 62173 | Zot:5    | Entered Level 5 of the Realm of Zot
 62635 | Zot:4    | Reached skill level 15 in Fighting
 62647 | Zot:3    | Learned a level 8 spell: Maxwell's Capacitive Coupling
 62996 | Zot:4    | Reached skill level 5 in Air Magic
 63724 | Zot:5    | Reached XP level 23. HP: 199/199 MP: 39/51
 63996 | Zot:5    | Noticed a Killer Klown
 63998 | Zot:5    | Noticed an orb of fire
 64002 | Zot:5    | Gained mutation: Your spells are a little easier to cast,
                  | but a little less powerful. [an orb of fire]
 64004 | Zot:5    | Killed an orb of fire
 64007 | Zot:5    | Noticed an ancient lich
 64009 | Zot:5    | Killed a Killer Klown
 64013 | Zot:5    | Killed an ancient lich
 64251 | Zot:5    | Noticed a dread lich
 64267 | Zot:5    | Killed a dread lich
 64298 | Zot:5    | Noticed an ancient lich
 64452 | Zot:5    | Noticed an ancient lich
 64469 | Zot:5    | Killed an ancient lich
 64507 | Zot:5    | Killed an ancient lich
 64718 | Zot:5    | Noticed a Killer Klown
 64723 | Zot:5    | Killed a Killer Klown
 64738 | Zot:5    | Noticed an orb of fire
 64749 | Zot:5    | Killed an orb of fire
 64750 | Zot:5    | Reached skill level 10 in Air Magic
 64827 | Zot:5    | Noticed an ancient lich
 64835 | Zot:5    | Killed an ancient lich
 64925 | Zot:5    | Noticed an orb of fire
 64935 | Zot:5    | Gained mutation: Your body sometimes deteriorates upon
                  | taking damage. [an orb of fire]
 64936 | Zot:5    | Killed an orb of fire
 65085 | Zot:5    | Lost mutation: Your body sometimes deteriorates upon taking
                  | damage. [potion of mutation]
 65085 | Zot:5    | Lost mutation: You are covered in fur. (AC +1) [potion of
                  | mutation]
 65085 | Zot:5    | Gained mutation: Your spells are easier to cast, but less
                  | powerful. [potion of mutation]
 65085 | Zot:5    | Gained mutation: You are robust. (+10% HP) [potion of
                  | mutation]
 65085 | Zot:5    | Gained mutation: You expend magic power (3 MP) to
                  | strengthen your wands. [potion of mutation]
 65086 | Zot:5    | Lost mutation: You are agile. (Dex +4, Str/Int -1) [potion
                  | of mutation]
 65086 | Zot:5    | Lost mutation: You are robust. (+10% HP) [potion of
                  | mutation]
 65086 | Zot:5    | Gained mutation: You sometimes lose your temper in combat.
                  | [potion of mutation]
 65086 | Zot:5    | Gained mutation: You have large cloven feet. [potion of
                  | mutation]
 65086 | Zot:5    | Gained mutation: Your muscles are strong. (Str +4, Int/Dex
                  | -1) [potion of mutation]
 65086 | Zot:5    | Gained mutation: Your mind is acute. (Int +4, Str/Dex -1)
                  | [potion of mutation]
 65087 | Zot:5    | Lost mutation: You sometimes lose your temper in combat.
                  | [potion of mutation]
 65087 | Zot:5    | Lost mutation: Your spells are easier to cast, but less
                  | powerful. [potion of mutation]
 65087 | Zot:5    | Lost mutation: Your spells are a little easier to cast, but
                  | a little less powerful. [potion of mutation]
 65087 | Zot:5    | Gained mutation: Your spells are a little harder to cast,
                  | but a little more powerful. [potion of mutation]
 65197 | Zot:5    | Got the Orb of Zot
 65378 | Depths:1 | Noticed Ostoal the pandemonium lord
 65385 | Depths:1 | Killed Ostoal the pandemonium lord
 65677 | D:1      | gg
 65679 | D:$      | Escaped with the Orb!

Illustrated notes

##.#.##.## #.# ##..##.# ##.##
##.##.# ##...# #.##.#
###...### #.##.# #....##.##
##.##.# #.#.##...##
#.....#### #.###..∩..##
#..#.....# ######.......###
#..#.....###@.............#
#..#.......########'#####.#
#..#.....##.##.##.#.####..###
#..#.....##.##.#.............
#.................##########.
##.####.####.##.##.##### #.
#.......####.##.##.#...# #.
#..#######.............# #.
#..# #.#########...# ##


Turn 65677 on D:1: gg

Levels and vault maps discovered:
D:1:      amcnicky_arrival_feature_with_door, layout_loops_ring
D:2:      layout_basic, serial_shops, shop, uniq_terence
D:3:      layout_basic, old_standard_altar, ebering_ghost_reflecting_pool
D:4:      layout_layer_cave, mainiacjoe_overflow_alcove_3,
          gammafunk_ghost_stat_death, grunt_tough_drop
D:5:      layout_basic, nicolae_uskayaw_suspiria, uniq_duvessa
D:6:      layout_basic, nicolae_overflow_crystal_walls, enter_ossuary_4,
          minmay_misc_feat_columns, uniq_menkaure
D:7:      minmay_the_grid_triangle_9x9_rhombus_thin
          [minmay_the_grid_triangle_9x9_negative_grid,
          minmay_the_grid_triangle_9x9_prize_top_heavy,
          minmay_the_grid_triangle_9x9_sprig,
          minmay_the_grid_triangle_9x9_skeleton], layout_rooms
D:8:      layout_rooms
D:9:      layout_basic, dpeg_oklobed_lair, david_orc_2
D:10:     layout_roguey, enter_bailey_3, uniq_amaemon
D:11:     layout_loops_corners
D:12:     layout_basic
D:13:     layout_roguey, david_vaults_1, nicolae_hexahallways
D:14:     layout_rooms, hellmonk_ghost_happy_afterlife, chequers_garden,
          serial_corexii_hall, chequers_hall_statues_y, corexii_hall_statues_i
D:15:     hangedman_depths_entry_civil_slaughter, layout_long_grid,
          minivault_19, solitary_fountain, kennysheep_slug_shrine
Lair:1:   layout_small_grid, infiniplex_staircase_pool, uniq_nergalle
Lair:2:   layout_small_grid, skrybe_swamp_entry_bodies
Lair:3:   layout_hall_layers, guppyfry_snake_entry_island,
          gauntlet_entry_generic, nicolae_lair_lil_pond, serial_bayou_pond_c,
          nicolae_lair_grazing_beasts [nicolae_sub_lair_graze_edge,
          nicolae_sub_lair_graze_edge, nicolae_sub_lair_graze_edge,
          nicolae_sub_lair_graze_edge], grunt_megastairs_5
Lair:4:   layout_long_grid, serial_bayou, serial_bayou_pond_e,
          serial_bayou_pond_a, serial_bayou_shore_a, serial_bayou_lagoon_b,
          nzn_masters_of_martial_movement, lemuel_fruit_tree, grunt_megastairs_3
Lair:5:   hangedman_lair_in_review, layout_big_grid,
          hangedman_lair_caniforms_friends, minmay_slime_entry_pillars,
          enter_volcano_4, uniq_rupert
Swamp:1:  nicolae_swamp_flooded_prison, layout_falls_marsh,
          nicolae_swamp_big_swirl
Swamp:2:  layout_basic_swamp, hangedman_swamp_ruin_hall
Swamp:3:  layout_falls_marsh, evilmike_swamp_ruin_house_5,
          nicolae_swamp_frolicking_bunyips
Swamp:4:  swamp_old_school, layout_basic_swamp
Snake:1:  layout_onion_interference
Snake:2:  layout_basic, nicolae_elevator_lobby_asterisk
Snake:3:  layout_misc_corridors, serial_bayou_shore_b, serial_bayou_shore_b
Snake:4:  hellmonk_snake_rune_quicksilver_temple, layout_cave_town
Orc:1:    layout_caves, basic_altar
Orc:2:    st_orc_elflike, layout_diamond_mine
Elf:1:    minmay_elf_arrival_plus, layout_gridlike, minmay_elf_sorcery,
          uniq_nikola
Elf:2:    elven_hall_of_blades_hangedman_alternative
          [nicolae_blade_entry_pointy_end], layout_loops_cross, serial_shops,
          shop, minmay_misc_feat_cross, hangedman_elven_pyramids
Elf:3:    minmay_elf_hall_circle, layout_geoelf_diagonals, nrook_loot_triangle
Vaults:1: v_alt_pattern_3, nicolae_vaults_trapezoid_1,
          ontoclasm_vaults_ring_square, nicolae_vaults_house_3,
          hangedman_vaults_stitches, nicolae_vaults_specimen_jars, v_misc_29,
          hangedman_vaults_corner, nicolae_vaults_angled_halls, st_check,
          v_misc_25, nicolae_vaults_little_squares_3, layout_vaults_maze,
          uniq_donald
Vaults:2: hangedman_vaults_maws, nicolae_vaults_lightning_bolt,
          hangedman_vaults_river_flow, nicolae_vaults_prndl,
          nicolae_vaults_house_1, st_lines, ontoclasm_vaults_ring_square,
          nicolae_vaults_little_ls, vaults_dpeg_ring, layout_vaults_quadrants
Vaults:3: v_rooms_5, nicolae_vaults_apartment_1, serial_ice_h,
          minmay_crypt_entry_necro_gods, nicolae_vaults_alarming,
          v_alt_pattern_5, vaults_room_door_hall, nicolae_vaults_diamond_1,
          vaults_room_fours, nicolae_vaults_loss_of_containment, v_pattern_3,
          layout_vaults_big_room
Vaults:4: v_misc_10, v_pattern_5, ontoclasm_vaults_misaligned, v_misc_14,
          nicolae_vaults_house_3, vaults_room_pools,
          nicolae_vaults_network_square, nicolae_vaults_hexular_roomagon,
          hangedman_vaults_snaps, nicolae_vaults_shipping_containers_5,
          nicolae_vaults_two_Ls, nicolae_vaults_trapezoid_lopsided_3,
          nicolae_vaults_network_star, nicolae_vaults_disjoint_gnomons,
          nicolae_vaults_diamond_1, nicolae_vaults_storage_room_statues,
          nicolae_vaults_trapezoid_lopsided_1, layout_vaults_omnibox
Depths:1: layout_basic, hangedman_abyss_entry_splay, minmay_crystal_water,
          grunt_mini_vestibule, lemuel_flamethrower_3, grunt_megastairs_1
Depths:2: evilmike_library_of_no_secrets, layout_cave_shapes, hell_entry,
          pan_entry, serial_rivers, chequers_serial_rivers_small_a,
          chequers_serial_rivers_small_a, chequers_serial_rivers_small_a,
          chequers_serial_rivers_marsh, chequers_serial_rivers_micro_b,
          chequers_serial_rivers_large_a, hallowed_hall
Depths:3: kennysheep_blocky_hall, layout_gridlike, rand_demon_pan_entry_3,
          abyss_entry, hangedman_abyss_or_decor_clamps, mu_enter_wizlab_3,
          pf_coc_iceberg
Depths:4: evilmike_zot_entry_argh, layout_cave_pools, enter_ziggurat_b,
          grunt_pan_entry_in_and_out, hell_entry, nrook_pool_corridor,
          nicolae_ashenzari_skybound
Zot:1:    layout_twisted_circle, grunt_megastairs_4, uniq_josephina
Zot:2:    layout_twisted_circle
Zot:3:    layout_cathedral_of_symmetry
Zot:4:    layout_twisted_circle, lemuel_elevator
Zot:5:    layout_cathedral_of_symmetry

Skill      XL: |  1  2  3  4  5  6  7  8  9 10 11 12 13 14 15 16 17 18 19 20 21 22 23 |
---------------+----------------------------------------------------------------------+-----
Spellcasting   | 2 3 4 6 7 8 9 10 12 14 15 17 18 19 | 19.7
Poison Magic   | 3 4 5 6 |  6.0
Fighting       | 1 2 4 6 9 10 11 15 | 15.0
Evocations     | 1 3 4 6 |  6.0
Dodging        | 2 4 6 7 10 | 10.0
Shields        | 3 6 |  6.0
Ice Magic      | 3 7 9 10 12 14 16 18 20 23 25 | 25.0
Armour         | 2 4 6 8 11 | 11.0
Conjurations   | 2 4 6 |  6.0
Air Magic      | 1 4 6 10 | 10.6
Maces & Flails | 6 10 12 | 12.0
Stealth        | |  1.7
Transmutations | |  0.8

Action                     |  1- 3 |  4- 6 |  7- 9 | 10-12 | 13-15 | 16-18 | 19-21 | 22-24 || total
---------------------------+-------+-------+-------+-------+-------+-------+-------+-------++-------
  Melee: Unarmed           |     4 |       |       |       |       |       |       |       ||     4
         Whip              |       |    14 |   373 |   449 |   606 |       |       |       ||  1442
         Punch             |       |       |     5 |       |       |     1 |       |       ||     6
         Demon whip        |       |       |       |       |   632 |  1621 |  1221 |   171 ||  3645
         Staff             |       |       |       |       |       |       |   123 |   160 ||   283
   Cast: Sting             |    70 |    86 |    85 |     3 |       |       |       |       ||   244
         Poisonous Vapours |     4 |     6 |     7 |     1 |       |     1 |       |       ||    19
         Olgreb's Toxic Ra |       |     4 |    48 |   137 |   150 |    69 |    87 |       ||   495
         Mephitic Cloud    |       |     2 |     1 |     7 |     1 |     1 |     3 |       ||    15
         Frozen Ramparts   |       |       |       |    10 |    34 |    27 |    27 |     1 ||    99
         Freezing Cloud    |       |       |       |     4 |    27 |    66 |    36 |       ||   133
         Hailstorm         |       |       |       |       |    21 |    65 |    26 |     2 ||   114
         Ozocubu's Armour  |       |       |       |       |     2 |    18 |    15 |     2 ||    37
         Polar Vortex      |       |       |       |       |       |       |    61 |   114 ||   175
         Blink             |       |       |       |       |       |       |     3 |       ||     3
  Evoke: Wand              |       |     8 |     6 |    23 |     2 |    14 |     4 |     4 ||    61
         Box of beasts     |       |       |       |       |       |     1 |       |       ||     1
         Phantom mirror    |       |       |       |       |       |       |     1 |     1 ||     2
    Use: Scroll            |     2 |     3 |     3 |    13 |    12 |     7 |    17 |    12 ||    69
         Potion            |       |       |     3 |    10 |     2 |    13 |     6 |    15 ||    49
   Stab: Sleeping          |       |       |     3 |     5 |     2 |     1 |     1 |       ||    12
         Invisible         |       |       |       |     3 |     1 |    11 |       |       ||    15
         Confused          |       |       |       |     1 |       |     1 |     4 |       ||     6
         Distracted        |       |       |       |       |       |     2 |       |       ||     2
 Armour: Robe              |    20 |    38 |   173 |   193 |   206 |       |       |       ||   630
         Skin              |       |       |       |    32 |       |       |       |       ||    32
         Ring mail         |       |       |       |       |   472 |  1228 |    91 |       ||  1791
         Swamp dragon scal |       |       |       |       |       |       |   818 |   360 ||  1178
  Dodge: Dodged            |    25 |    37 |   212 |   279 |   725 |   905 |   755 |   257 ||  3195
  Block: Other             |     6 |    21 |    60 |       |       |     3 |       |       ||    90
         Reflection        |     1 |     1 |     5 |     6 |    47 |    28 |       |       ||    88
         Buckler           |       |       |     4 |   253 |   501 |    22 |   442 |   132 ||  1354
         Kite shield       |       |       |       |       |   166 |   891 |       |       ||  1057

Table legend: (Time is in decaauts)
 A = Elapsed time spent in this place.
 B = Non-inter-level travel time spent in this place.
 C = Inter-level travel time spent in this place.
 D = Time resting spent in this place.
 E = Time spent auto-exploring this place.
 F = Levels seen in this place.
 G = Mean time per level.
                   A        B        C        D        E       F      G
               +--------+--------+--------+--------+--------+-----+--------+
         Total |  65435 |  61259 |   4176 |  18221 |  27083 |  56 | 1168.5 |
       Dungeon |  17789 |  16185 |   1604 |   4522 |   8126 |  15 | 1185.9 |
          Lair |   5921 |   5468 |    453 |   1264 |   2668 |   5 | 1184.2 |
         Swamp |   6844 |   6348 |    496 |   2909 |   2010 |   4 | 1711.0 |
     Snake Pit |   5787 |   5622 |    165 |   1786 |   2733 |   4 | 1446.8 |
  Orcish Mines |   1918 |   1756 |    162 |    693 |    737 |   2 |  959.0 |
   Elven Halls |   4257 |   4137 |    120 |   1260 |   1511 |   3 | 1419.0 |
        Vaults |   5879 |   5658 |    221 |   1297 |   2947 |   4 | 1469.8 |
        Depths |   5312 |   4862 |    450 |   1165 |   2248 |   4 | 1328.0 |
           Zot |   6993 |   6490 |    503 |   1574 |   3419 |   5 | 1398.6 |
         Abyss |   1390 |   1390 |      0 |    441 |    139 |   5 |  278.0 |
       Ossuary |    476 |    476 |      0 |    101 |     53 |   1 |  476.0 |
        Bailey |    798 |    798 |      0 |    524 |     51 |   1 |  798.0 |
       Volcano |    418 |    418 |      0 |    173 |      0 |   1 |  418.0 |
        Wizlab |    997 |    997 |      0 |    276 |    296 |   1 |  997.0 |
      Gauntlet |    650 |    650 |      0 |    234 |    144 |   1 |  650.0 |
               +--------+--------+--------+--------+--------+-----+--------+

Top non-repeatable levels by time:
   Elf:3: 2707 daAuts
 Snake:4: 2504 daAuts
 Swamp:4: 2302 daAuts
     D:4: 2084 daAuts
   Zot:5: 1993 daAuts
     D:7: 1795 daAuts
Vaults:1: 1690 daAuts
Vaults:4: 1561 daAuts
 Swamp:1: 1561 daAuts
Depths:4: 1546 daAuts
 Swamp:2: 1538 daAuts
  Lair:5: 1521 daAuts
   Orc:2: 1509 daAuts
     D:6: 1488 daAuts
   Zot:3: 1481 daAuts
